Connexion

OTTAWA Senators vs COLUMBUS Blue Jackets

Created - 26 août 2023 at 05:13

Goals
1 2 3 T
OTTAWA Senators 3 4 1 8
COLUMBUS Blue Jackets 0 1 1 2
Shots
1 2 3 T
OTTAWA Senators 5 11 8 24
COLUMBUS Blue Jackets 9 5 7 21

GoalsPenalties
1st period
1. OTTAWA Senators , John Tavares 3 (Alex Tuch 4, Steven Stamkos 5) at 6:49
2. OTTAWA Senators , Steven Stamkos 4 (Charlie McAvoy 5, Cale Makar 5) at 8:42
3. OTTAWA Senators , John Tavares 4 (Steven Stamkos 6) at 9:07
Adrian Kempe (OTT) for Holding (Minor) at 1:45
Evan Bouchard (OTT) for Goalie Interference (Minor) at 3:54
2nd period
4. OTTAWA Senators , Adrian Kempe 4 (Martin Necas 4, Josh Norris 5) at 4:04
5. OTTAWA Senators , Steven Stamkos 5 (Evan Bouchard 3) at 4:28
6. COLUMBUS Blue Jackets , Tyler Johnson 3 (John Carlson 7, Jack Roslovic 5) at 6:38
7. OTTAWA Senators , Adrian Kempe 5 (Josh Norris 6, Martin Necas 5) at 11:13
8. OTTAWA Senators , Steven Stamkos 6 (Charlie McAvoy 6, John Tavares 4) at 14:03
William Lagesson (CLB) for Interference (Minor) at 16:23
3rd period
9. COLUMBUS Blue Jackets , Tyler Johnson 4 (Pierre-luc Dubois 4, Jack Roslovic 6) at 9:07
10. OTTAWA Senators , Travis Sanheim 1 (Owen Tippett 1, Peyton Krebs 1) at 19:23
Carson Soucy (CLB) for Holding (Minor) at 1:25
John Marino (CLB) for Cross-checking (Minor) at 4:55
Evan Bouchard (OTT) for Holding (Minor) at 12:47
Goalie Stats
Connor Hellebuyck (OTT), 19 saves from 21 shots - (0,905), W, 3-5-1, 60:00 minutes
Chris Driedger (CLB), 3 saves from 7 shots - (0,429), L, 0-1-1, 24:04 minutes
Vitek Vanecek (CLB), 13 saves from 17 shots - (0,765), 35:56 minutes
3 StarsOfficial
1 - Steven Stamkos (OTT)
2 - John Tavares (OTT)
3 - Charlie McAvoy (OTT)
Referees : Rob Shick and Wes McCauley
Linesman : Thor Nelson and Mark Pare
Game Note
Vitek Vanecek enters game at 4:04 of 2nd period
Steven Stamkos has scored a Hat Trick!
Finance
Level 1 -- Attendance: 6000 (100,00%) -- Ticket Income 780 000 $
Level 2 -- Attendance: 4857 (94,42%) -- Ticket Income 412 845 $
Level 3 -- Attendance: 2000 (100,00%) -- Ticket Income 110 000 $
Level 4 -- Attendance: 4000 (100,00%) -- Ticket Income 140 000 $
Luxury Box -- Attendance: 1000 (100,00%) -- Ticket Income 235 000 $
Game was played at the Nationwide Arena.
Total Attendance: 17857 (98,42%)
Total Ticket Income: 1 677 845 $
Other Income: 335 569 $
Total Income: 2 013 414 $



Team Name Goals Shots Shots Attemp Shots Blocked PIM HIT PP PK FO%
OTTAWA Senators 8244186200 / 3 (0%)061%
COLUMBUS Blue Jackets 2215286200 / 3 (0%)039%

OTTAWA Senators
Player Name POS G A P +/- PIM HIT SHT SB MP PP MP PP SHT PK MP PK SHT FO% FOT
Adrian KempeC/LW/RW2021213016:243:0600:000100% 2
Alex TuchC/RW0115001022:172:5112:5700% 1
Barrett HaytonC/LW000-1020010:070:0000:0000% 0
Cale MakarD0112030323:462:3203:1400% 0
Charlie McAvoyD0222061223:462:3203:1400% 0
Evan BouchardD0112420015:280:0000:0000% 0
Filip ChytilC000-1000010:070:0000:00040% 10
John TavaresC2135025022:172:5102:57064% 22
Josh NorrisC0221001013:190:0000:00070% 20
Mark KastelicC000103108:110:0000:00088% 8
Martin NecasC/RW0221006018:453:0612:20025% 4
Owen TippettLW/RW011100018:110:0000:0000% 0
Peyton KrebsC/LW011100008:510:0000:4000% 0
Robert ThomasC/RW000-1001013:133:0600:0000% 2
Steven StamkosC/LW/RW3255004022:202:5103:0000% 0
Travis SanheimD1012001120:443:2502:4300% 0
Wyatt KaiserD0002010015:300:0000:0000% 0
Zach WerenskiD0002000120:443:2502:4300% 0
COLUMBUS Blue Jackets
Player Name POS G A P +/- PIM HIT SHT SB MP PP MP PP SHT PK MP PK SHT FO% FOT
Artturi LehkonenLW/RW000-2013013:470:0000:0000% 1
Bo HorvatC000-4011019:062:3111:11050% 18
Carson SoucyD000-1221119:373:0301:0900% 0
Colin BlackwellC/LW/RW000-4000019:172:3101:2200% 0
Dante FabbroD000-4020323:552:5402:2200% 0
Jack RoslovicC/RW0220000021:473:2603:24050% 4
Jeffrey VielLW000000000:360:1300:0000% 1
John CarlsonD011-1001022:212:5404:0100% 0
John MarinoD000-4210223:402:3602:2600% 0
Jordan GrossD000-1030115:570:0001:5600% 0
Justin DanforthRW000000003:580:0000:0000% 0
Nino NiederreiterLW/RW000-2014015:090:0001:2200% 2
Pierre-luc DuboisC/LW0110033025:133:1703:24041% 29
Rudolfs BalcersLW/RW000000003:580:0000:0000% 0
Sam SteelC000-2001013:470:0000:00036% 11
Tyler JohnsonC/LW/RW2020024019:303:2211:1100% 2
William LagessonD000-1220114:270:2700:0000% 0
Yan GourdeC/LW/RW000-4023017:552:3120:0000% 1



Play-by-Play

1st period


0:01 of 1st period - John Tavares wins face-off versus Pierre-luc Dubois in neutral zone.
0:28 of 1st period - Shot by Pierre-luc Dubois.
0:28 of 1st period - Stopped by Connor Hellebuyck without a rebound.
0:29 of 1st period - Josh Norris wins face-off versus Bo Horvat in OTTAWA Senators zone.
0:40 of 1st period - Shot by Martin Necas.
0:40 of 1st period - Stopped by Chris Driedger without a rebound.
0:41 of 1st period - Sam Steel wins face-off versus Filip Chytil in COLUMBUS Blue Jackets zone.
0:41 of 1st period - Sam Steel is hit by Barrett Hayton.
0:50 of 1st period - Off-side.
0:51 of 1st period - Mark Kastelic wins face-off versus Pierre-luc Dubois in neutral zone.
1:45 of 1st period - Minor Penalty to Adrian Kempe for Holding.
1:46 of 1st period - John Tavares wins face-off versus Bo Horvat in OTTAWA Senators zone.
2:01 of 1st period - Shot by Colin Blackwell.
2:01 of 1st period - Shot Misses the Net.
2:03 of 1st period - Shot by Yan Gourde.
2:03 of 1st period - Stopped by Connor Hellebuyck without a rebound.
2:04 of 1st period - Pierre-luc Dubois wins face-off versus John Tavares in OTTAWA Senators zone.
2:17 of 1st period - Shot by Pierre-luc Dubois.
2:17 of 1st period - Shot Misses the Net.
2:19 of 1st period - Shot by Dante Fabbro.
2:19 of 1st period - Shot Misses the Net.
3:44 of 1st period - Icing by William Lagesson.
3:45 of 1st period - Sam Steel wins face-off versus Filip Chytil in COLUMBUS Blue Jackets zone.
3:54 of 1st period - Shot by Nino Niederreiter.
3:54 of 1st period - Stopped by Connor Hellebuyck without a rebound.
3:54 of 1st period - Minor Penalty to Evan Bouchard for Goalie Interference.
3:55 of 1st period - Pierre-luc Dubois wins face-off versus Martin Necas in OTTAWA Senators zone.
3:55 of 1st period - Pierre-luc Dubois is hit by Charlie McAvoy.
4:25 of 1st period - Shot by Tyler Johnson.
4:25 of 1st period - Shot Misses the Net.
4:27 of 1st period - Shot by Carson Soucy.
4:27 of 1st period - Shot Misses the Net.
4:53 of 1st period - Shot by Bo Horvat.
4:53 of 1st period - Stopped by Connor Hellebuyck without a rebound.
4:54 of 1st period - Bo Horvat wins face-off versus Martin Necas in OTTAWA Senators zone.
5:00 of 1st period - Shot by John Carlson.
5:00 of 1st period - Shot Blocked by Charlie McAvoy.
5:02 of 1st period - Shot by Colin Blackwell.
5:02 of 1st period - Shot Misses the Net.
5:04 of 1st period - Shot by John Marino.
5:04 of 1st period - Shot Blocked by Charlie McAvoy.
5:06 of 1st period - Shot by John Marino.
5:06 of 1st period - Shot Misses the Net.
5:08 of 1st period - Shot by Yan Gourde.
5:08 of 1st period - Stopped by Connor Hellebuyck without a rebound.
5:09 of 1st period - Pierre-luc Dubois wins face-off versus Martin Necas in OTTAWA Senators zone.
5:10 of 1st period - Shot by Jack Roslovic.
5:10 of 1st period - Deflect By Tyler Johnson.
5:10 of 1st period - Stopped by Connor Hellebuyck without a rebound.
5:11 of 1st period - Pierre-luc Dubois wins face-off versus John Tavares in OTTAWA Senators zone.
6:12 of 1st period - Shot by Nino Niederreiter.
6:12 of 1st period - Shot Misses the Net.
6:14 of 1st period - Shot by William Lagesson.
6:14 of 1st period - Deflect By Artturi Lehkonen.
6:14 of 1st period - Shot Misses the Net.
6:16 of 1st period - Shot by Artturi Lehkonen.
6:16 of 1st period - Stopped by Connor Hellebuyck without a rebound.
6:17 of 1st period - John Tavares wins face-off versus Bo Horvat in OTTAWA Senators zone.
6:17 of 1st period - John Tavares is hit by Yan Gourde.
6:24 of 1st period - Alex Tuch is hit by Carson Soucy and loses puck.
6:49 of 1st period - Shot by John Tavares.
6:49 of 1st period - Goal by John Tavares - OTTAWA Senators : 1 - COLUMBUS Blue Jackets : 0.
6:50 of 1st period - Pierre-luc Dubois wins face-off versus Josh Norris in neutral zone.
7:08 of 1st period - Charlie McAvoy is hit by Dante Fabbro and loses puck.
7:23 of 1st period - Shot by Pierre-luc Dubois.
7:23 of 1st period - Stopped by Connor Hellebuyck without a rebound.
7:24 of 1st period - Bo Horvat wins face-off versus Filip Chytil in OTTAWA Senators zone.
7:25 of 1st period - Shot by Yan Gourde.
7:25 of 1st period - Shot Blocked by Travis Sanheim.
7:32 of 1st period - Travis Sanheim is hit by William Lagesson and loses puck.
8:42 of 1st period - Shot by Steven Stamkos.
8:42 of 1st period - Goal by Steven Stamkos - OTTAWA Senators : 2 - COLUMBUS Blue Jackets : 0.
8:43 of 1st period - Josh Norris wins face-off versus Pierre-luc Dubois in neutral zone.
9:01 of 1st period - Icing by Dante Fabbro.
9:02 of 1st period - John Tavares wins face-off versus Pierre-luc Dubois in COLUMBUS Blue Jackets zone.
9:07 of 1st period - Shot by Steven Stamkos.
9:07 of 1st period - Deflect By John Tavares.
9:07 of 1st period - Goal by John Tavares - OTTAWA Senators : 3 - COLUMBUS Blue Jackets : 0.
9:08 of 1st period - John Tavares wins face-off versus Sam Steel in neutral zone.
11:50 of 1st period - Shot by Pierre-luc Dubois.
11:50 of 1st period - Shot Misses the Net.
11:52 of 1st period - Shot by Tyler Johnson.
11:52 of 1st period - Shot Blocked by Owen Tippett.
12:29 of 1st period - Shot by Jack Roslovic.
12:29 of 1st period - Shot Misses the Net.
12:52 of 1st period - Charlie McAvoy is hit by Jordan Gross and loses puck.
14:10 of 1st period - Icing by William Lagesson.
14:11 of 1st period - Josh Norris wins face-off versus Jeffrey Viel in COLUMBUS Blue Jackets zone.
14:20 of 1st period - Shot by Martin Necas.
14:20 of 1st period - Stopped by Chris Driedger without a rebound.
14:21 of 1st period - Josh Norris wins face-off versus Bo Horvat in COLUMBUS Blue Jackets zone.
14:26 of 1st period - Shot by Martin Necas.
14:26 of 1st period - Shot Blocked by Dante Fabbro.
15:22 of 1st period - Shot by Pierre-luc Dubois.
15:22 of 1st period - Shot Misses the Net.
15:27 of 1st period - Cale Makar is hit by Jordan Gross and loses puck.
16:26 of 1st period - Shot by Yan Gourde.
16:26 of 1st period - Stopped by Connor Hellebuyck without a rebound.
16:27 of 1st period - Mark Kastelic wins face-off versus Sam Steel in OTTAWA Senators zone.
17:24 of 1st period - Pierre-luc Dubois is hit by Mark Kastelic and loses puck.
17:59 of 1st period - Evan Bouchard is hit by Pierre-luc Dubois and loses puck.
18:10 of 1st period - Shot by Steven Stamkos.
18:10 of 1st period - Shot Blocked by William Lagesson.
19:51 of 1st period - Jack Roslovic is hit by Evan Bouchard.
Goals for this period are 3 for OTTAWA Senators vs 0 for COLUMBUS Blue Jackets .
Shots for this period are 5 for OTTAWA Senators vs 9 for COLUMBUS Blue Jackets .

2nd period


0:01 of 2nd period - Josh Norris wins face-off versus Pierre-luc Dubois in neutral zone.
0:23 of 2nd period - Jack Roslovic is hit by Charlie McAvoy and loses puck.
0:31 of 2nd period - Pierre-luc Dubois is hit by Charlie McAvoy and loses puck.
0:45 of 2nd period - Tyler Johnson is hit by Charlie McAvoy and loses puck.
1:40 of 2nd period - Icing by John Carlson.
1:41 of 2nd period - Bo Horvat wins face-off versus Filip Chytil in COLUMBUS Blue Jackets zone.
3:02 of 2nd period - Shot by Steven Stamkos.
3:02 of 2nd period - Stopped by Chris Driedger without a rebound.
3:03 of 2nd period - Mark Kastelic wins face-off versus Artturi Lehkonen in COLUMBUS Blue Jackets zone.
3:10 of 2nd period - Shot by Peyton Krebs.
3:10 of 2nd period - Deflect By Owen Tippett.
3:10 of 2nd period - Shot Misses the Net.
3:22 of 2nd period - Shot by Artturi Lehkonen.
3:22 of 2nd period - Shot Blocked by Cale Makar.
3:29 of 2nd period - Icing by Cale Makar.
3:30 of 2nd period - Mark Kastelic wins face-off versus Pierre-luc Dubois in OTTAWA Senators zone.
3:46 of 2nd period - Tyler Johnson is hit by Cale Makar and loses puck.
3:49 of 2nd period - Shot by Tyler Johnson.
3:49 of 2nd period - Stopped by Connor Hellebuyck without a rebound.
3:50 of 2nd period - Josh Norris wins face-off versus Sam Steel in OTTAWA Senators zone.
3:52 of 2nd period - Icing by Travis Sanheim.
3:53 of 2nd period - Josh Norris wins face-off versus Jack Roslovic in OTTAWA Senators zone.
4:04 of 2nd period - Shot by Adrian Kempe.
4:04 of 2nd period - Goal by Adrian Kempe - OTTAWA Senators : 4 - COLUMBUS Blue Jackets : 0.
4:04 of 2nd period - Vitek Vanecek enters game.
4:05 of 2nd period - John Tavares wins face-off versus Sam Steel in neutral zone.
4:28 of 2nd period - Shot by Steven Stamkos.
4:28 of 2nd period - Goal by Steven Stamkos - OTTAWA Senators : 5 - COLUMBUS Blue Jackets : 0.
4:29 of 2nd period - Pierre-luc Dubois wins face-off versus Josh Norris in neutral zone.
5:10 of 2nd period - Shot by Martin Necas.
5:10 of 2nd period - Stopped by Vitek Vanecek without a rebound.
5:11 of 2nd period - Bo Horvat wins face-off versus Alex Tuch in COLUMBUS Blue Jackets zone.
5:11 of 2nd period - Bo Horvat is hit by John Tavares.
6:30 of 2nd period - Shot by Nino Niederreiter.
6:30 of 2nd period - Shot Misses the Net.
6:32 of 2nd period - Shot by Artturi Lehkonen.
6:32 of 2nd period - Stopped by Connor Hellebuyck without a rebound.
6:33 of 2nd period - Pierre-luc Dubois wins face-off versus Josh Norris in OTTAWA Senators zone.
6:34 of 2nd period - Shot by Jack Roslovic.
6:34 of 2nd period - Shot Misses the Net.
6:38 of 2nd period - Shot by Tyler Johnson.
6:38 of 2nd period - Goal by Tyler Johnson - OTTAWA Senators : 5 - COLUMBUS Blue Jackets : 1.
6:39 of 2nd period - Pierre-luc Dubois wins face-off versus Josh Norris in neutral zone.
6:51 of 2nd period - Jack Roslovic is hit by Charlie McAvoy and loses puck.
7:09 of 2nd period - Shot by Pierre-luc Dubois.
7:09 of 2nd period - Shot Misses the Net.
7:11 of 2nd period - Shot by Jack Roslovic.
7:11 of 2nd period - Shot Misses the Net.
7:15 of 2nd period - Shot by Tyler Johnson.
7:15 of 2nd period - Shot Misses the Net.
7:59 of 2nd period - Shot by Nino Niederreiter.
7:59 of 2nd period - Stopped by Connor Hellebuyck without a rebound.
8:00 of 2nd period - Bo Horvat wins face-off versus Filip Chytil in OTTAWA Senators zone.
8:38 of 2nd period - Dante Fabbro is hit by Barrett Hayton and loses puck.
9:14 of 2nd period - Icing by Carson Soucy.
9:15 of 2nd period - Mark Kastelic wins face-off versus Pierre-luc Dubois in COLUMBUS Blue Jackets zone.
9:28 of 2nd period - Shot by Pierre-luc Dubois.
9:28 of 2nd period - Stopped by Connor Hellebuyck with a rebound.
10:04 of 2nd period - Charlie McAvoy is hit by Tyler Johnson.
10:35 of 2nd period - Off-side.
10:36 of 2nd period - Josh Norris wins face-off versus Bo Horvat in neutral zone.
11:13 of 2nd period - Shot by Adrian Kempe.
11:13 of 2nd period - Goal by Adrian Kempe - OTTAWA Senators : 6 - COLUMBUS Blue Jackets : 1.
11:14 of 2nd period - Sam Steel wins face-off versus John Tavares in neutral zone.
11:56 of 2nd period - Shot by John Tavares.
11:56 of 2nd period - Stopped by Vitek Vanecek without a rebound.
11:57 of 2nd period - Bo Horvat wins face-off versus Josh Norris in COLUMBUS Blue Jackets zone.
12:31 of 2nd period - Off-side.
12:32 of 2nd period - Pierre-luc Dubois wins face-off versus Robert Thomas in neutral zone.
12:43 of 2nd period - Icing by Evan Bouchard.
12:44 of 2nd period - Filip Chytil wins face-off versus Sam Steel in OTTAWA Senators zone.
12:55 of 2nd period - Shot by Robert Thomas.
12:55 of 2nd period - Shot Misses the Net.
13:05 of 2nd period - Shot by Evan Bouchard.
13:05 of 2nd period - Shot Misses the Net.
13:07 of 2nd period - Shot by Evan Bouchard.
13:07 of 2nd period - Shot Misses the Net.
13:09 of 2nd period - Shot by Filip Chytil.
13:09 of 2nd period - Deflect By Robert Thomas.
13:09 of 2nd period - Shot Misses the Net.
13:11 of 2nd period - Shot by Robert Thomas.
13:11 of 2nd period - Stopped by Vitek Vanecek with a rebound.
13:18 of 2nd period - Robert Thomas is hit by William Lagesson and loses puck.
13:55 of 2nd period - Shot by Steven Stamkos.
13:55 of 2nd period - Deflect By John Tavares.
13:55 of 2nd period - Shot Misses the Net.
14:01 of 2nd period - Shot by Charlie McAvoy.
14:01 of 2nd period - Stopped by Vitek Vanecek with a rebound.
14:03 of 2nd period - Shot by Steven Stamkos.
14:03 of 2nd period - Goal by Steven Stamkos - OTTAWA Senators : 7 - COLUMBUS Blue Jackets : 1.
14:04 of 2nd period - Pierre-luc Dubois wins face-off versus Josh Norris in neutral zone.
14:24 of 2nd period - Icing by Travis Sanheim.
14:25 of 2nd period - Josh Norris wins face-off versus Bo Horvat in OTTAWA Senators zone.
14:25 of 2nd period - Zach Werenski is hit by Bo Horvat.
14:29 of 2nd period - John Carlson is hit by Adrian Kempe and loses puck.
14:37 of 2nd period - Adrian Kempe is hit by Carson Soucy and loses puck.
14:48 of 2nd period - Shot by Martin Necas.
14:48 of 2nd period - Stopped by Vitek Vanecek without a rebound.
14:49 of 2nd period - Pierre-luc Dubois wins face-off versus John Tavares in COLUMBUS Blue Jackets zone.
16:03 of 2nd period - Icing by Barrett Hayton.
16:04 of 2nd period - Filip Chytil wins face-off versus Sam Steel in OTTAWA Senators zone.
16:04 of 2nd period - Filip Chytil is hit by Artturi Lehkonen.
16:23 of 2nd period - Minor Penalty to William Lagesson for Interference.
16:24 of 2nd period - Pierre-luc Dubois wins face-off versus John Tavares in COLUMBUS Blue Jackets zone.
16:24 of 2nd period - Pierre-luc Dubois is hit by John Tavares.
16:42 of 2nd period - Shot by Alex Tuch.
16:42 of 2nd period - Stopped by Vitek Vanecek without a rebound.
16:43 of 2nd period - Jack Roslovic wins face-off versus Robert Thomas in COLUMBUS Blue Jackets zone.
18:04 of 2nd period - John Tavares is hit by John Marino and loses puck.
18:26 of 2nd period - William Lagesson is hit by Mark Kastelic and loses puck.
18:59 of 2nd period - Shot by Peyton Krebs.
18:59 of 2nd period - Shot Blocked by Jordan Gross.
19:01 of 2nd period - Shot by Mark Kastelic.
19:01 of 2nd period - Shot Misses the Net.
Goals for this period are 4 for OTTAWA Senators vs 1 for COLUMBUS Blue Jackets .
Shots for this period are 11 for OTTAWA Senators vs 5 for COLUMBUS Blue Jackets .

3rd period


0:01 of 3rd period - John Tavares wins face-off versus Pierre-luc Dubois in neutral zone.
0:08 of 3rd period - Shot by John Tavares.
0:08 of 3rd period - Stopped by Vitek Vanecek without a rebound.
0:09 of 3rd period - John Tavares wins face-off versus Jack Roslovic in COLUMBUS Blue Jackets zone.
0:29 of 3rd period - Icing by Dante Fabbro.
0:30 of 3rd period - Josh Norris wins face-off versus Pierre-luc Dubois in COLUMBUS Blue Jackets zone.
1:00 of 3rd period - Off-side.
1:01 of 3rd period - John Tavares wins face-off versus Bo Horvat in neutral zone.
1:08 of 3rd period - Shot by John Tavares.
1:08 of 3rd period - Stopped by Vitek Vanecek without a rebound.
1:09 of 3rd period - Bo Horvat wins face-off versus John Tavares in COLUMBUS Blue Jackets zone.
1:25 of 3rd period - Minor Penalty to Carson Soucy for Holding.
1:26 of 3rd period - Adrian Kempe wins face-off versus Pierre-luc Dubois in COLUMBUS Blue Jackets zone.
2:09 of 3rd period - Shot by Travis Sanheim.
2:09 of 3rd period - Shot Blocked by Dante Fabbro.
2:56 of 3rd period - Shot by Charlie McAvoy.
2:56 of 3rd period - Shot Misses the Net.
3:00 of 3rd period - Shot by Cale Makar.
3:00 of 3rd period - Shot Blocked by Dante Fabbro.
3:31 of 3rd period - Icing by William Lagesson.
3:32 of 3rd period - Sam Steel wins face-off versus Mark Kastelic in COLUMBUS Blue Jackets zone.
3:32 of 3rd period - Sam Steel is hit by Mark Kastelic.
3:38 of 3rd period - Evan Bouchard is hit by Nino Niederreiter and loses puck.
4:06 of 3rd period - Nino Niederreiter is hit by Wyatt Kaiser and loses puck.
4:47 of 3rd period - John Tavares is hit by Dante Fabbro and loses puck.
4:55 of 3rd period - Minor Penalty to John Marino for Cross-checking.
4:56 of 3rd period - Martin Necas wins face-off versus Pierre-luc Dubois in COLUMBUS Blue Jackets zone.
5:17 of 3rd period - Shot by Martin Necas.
5:17 of 3rd period - Stopped by Vitek Vanecek without a rebound.
5:18 of 3rd period - Jack Roslovic wins face-off versus John Tavares in COLUMBUS Blue Jackets zone.
5:53 of 3rd period - Alex Tuch is hit by Pierre-luc Dubois and loses puck.
6:42 of 3rd period - Shot by Tyler Johnson.
6:42 of 3rd period - Shot Misses the Net.
6:55 of 3rd period - Icing by Martin Necas.
6:56 of 3rd period - Mark Kastelic wins face-off versus Nino Niederreiter in OTTAWA Senators zone.
7:27 of 3rd period - Shot by Owen Tippett.
7:27 of 3rd period - Shot Blocked by John Marino.
7:29 of 3rd period - Shot by Mark Kastelic.
7:29 of 3rd period - Stopped by Vitek Vanecek without a rebound.
7:30 of 3rd period - Bo Horvat wins face-off versus John Tavares in COLUMBUS Blue Jackets zone.
7:38 of 3rd period - Colin Blackwell is hit by Cale Makar and loses puck.
7:45 of 3rd period - Shot by John Carlson.
7:45 of 3rd period - Stopped by Connor Hellebuyck with a rebound.
8:32 of 3rd period - Shot by Martin Necas.
8:32 of 3rd period - Stopped by Vitek Vanecek without a rebound.
8:33 of 3rd period - Filip Chytil wins face-off versus Tyler Johnson in COLUMBUS Blue Jackets zone.
8:33 of 3rd period - Filip Chytil is hit by Jordan Gross.
9:07 of 3rd period - Shot by Tyler Johnson.
9:07 of 3rd period - Goal by Tyler Johnson - OTTAWA Senators : 7 - COLUMBUS Blue Jackets : 2.
9:08 of 3rd period - Adrian Kempe wins face-off versus Nino Niederreiter in neutral zone.
9:17 of 3rd period - Shot by Zach Werenski.
9:17 of 3rd period - Shot Blocked by John Marino.
9:42 of 3rd period - Shot by Josh Norris.
9:42 of 3rd period - Stopped by Vitek Vanecek without a rebound.
9:43 of 3rd period - John Tavares wins face-off versus Pierre-luc Dubois in COLUMBUS Blue Jackets zone.
9:50 of 3rd period - Shot by Tyler Johnson.
9:50 of 3rd period - Shot Hit the Post.
10:16 of 3rd period - Shot by Jack Roslovic.
10:16 of 3rd period - Shot Misses the Net.
10:18 of 3rd period - Shot by Pierre-luc Dubois.
10:18 of 3rd period - Shot Blocked by Cale Makar.
10:45 of 3rd period - Icing by Zach Werenski.
10:46 of 3rd period - Filip Chytil wins face-off versus Bo Horvat in OTTAWA Senators zone.
10:46 of 3rd period - Filip Chytil is hit by Yan Gourde.
11:37 of 3rd period - Icing by Yan Gourde.
11:38 of 3rd period - Josh Norris wins face-off versus Yan Gourde in COLUMBUS Blue Jackets zone.
11:57 of 3rd period - Shot by Nino Niederreiter.
11:57 of 3rd period - Shot Misses the Net.
11:59 of 3rd period - Shot by Carson Soucy.
11:59 of 3rd period - Stopped by Connor Hellebuyck with a rebound.
12:01 of 3rd period - Shot by Nino Niederreiter.
12:01 of 3rd period - Shot Blocked by Cale Makar.
12:03 of 3rd period - Shot by Carson Soucy.
12:03 of 3rd period - Shot Misses the Net.
12:05 of 3rd period - Shot by Nino Niederreiter.
12:05 of 3rd period - Deflect By Artturi Lehkonen.
12:05 of 3rd period - Shot Misses the Net.
12:07 of 3rd period - Shot by Sam Steel.
12:07 of 3rd period - Stopped by Connor Hellebuyck without a rebound.
12:08 of 3rd period - John Tavares wins face-off versus Tyler Johnson in OTTAWA Senators zone.
12:08 of 3rd period - John Tavares is hit by Tyler Johnson.
12:32 of 3rd period - Icing by Evan Bouchard.
12:33 of 3rd period - John Tavares wins face-off versus Sam Steel in OTTAWA Senators zone.
12:43 of 3rd period - Artturi Lehkonen is hit by Evan Bouchard and loses puck.
12:47 of 3rd period - Minor Penalty to Evan Bouchard for Holding.
12:48 of 3rd period - John Tavares wins face-off versus Pierre-luc Dubois in OTTAWA Senators zone.
12:48 of 3rd period - John Tavares is hit by Pierre-luc Dubois.
13:49 of 3rd period - Pierre-luc Dubois is hit by Cale Makar and loses puck.
14:09 of 3rd period - Colin Blackwell is hit by Charlie McAvoy and loses puck.
15:21 of 3rd period - Shot by Sam Steel.
15:21 of 3rd period - Deflect By Nino Niederreiter.
15:21 of 3rd period - Stopped by Connor Hellebuyck without a rebound.
15:22 of 3rd period - Josh Norris wins face-off versus Pierre-luc Dubois in OTTAWA Senators zone.
16:28 of 3rd period - Shot by Yan Gourde.
16:28 of 3rd period - Shot Blocked by Zach Werenski.
16:58 of 3rd period - Shot by Nino Niederreiter.
16:58 of 3rd period - Stopped by Connor Hellebuyck without a rebound.
16:59 of 3rd period - John Tavares wins face-off versus Pierre-luc Dubois in OTTAWA Senators zone.
18:26 of 3rd period - Shot by Artturi Lehkonen.
18:26 of 3rd period - Stopped by Connor Hellebuyck without a rebound.
18:27 of 3rd period - Bo Horvat wins face-off versus Filip Chytil in OTTAWA Senators zone.
19:11 of 3rd period - Icing by John Carlson.
19:12 of 3rd period - Mark Kastelic wins face-off versus Bo Horvat in COLUMBUS Blue Jackets zone.
19:19 of 3rd period - Shot by Peyton Krebs.
19:19 of 3rd period - Shot Misses the Net.
19:21 of 3rd period - Shot by Owen Tippett.
19:21 of 3rd period - Shot Blocked by Carson Soucy.
19:23 of 3rd period - Shot by Travis Sanheim.
19:23 of 3rd period - Goal by Travis Sanheim - OTTAWA Senators : 8 - COLUMBUS Blue Jackets : 2.
19:24 of 3rd period - Josh Norris wins face-off versus Pierre-luc Dubois in neutral zone.
19:27 of 3rd period - Shot by Adrian Kempe.
19:27 of 3rd period - Stopped by Vitek Vanecek with a rebound.
19:30 of 3rd period - Icing by John Marino.
19:31 of 3rd period - Josh Norris wins face-off versus Pierre-luc Dubois in COLUMBUS Blue Jackets zone.
Goals for this period are 1 for OTTAWA Senators vs 1 for COLUMBUS Blue Jackets .
Shots for this period are 8 for OTTAWA Senators vs 7 for COLUMBUS Blue Jackets .